 Dungeon Crawl Stone Soup version 0.28-a0-305-g9e858e973b (webtiles) character file.

Game seed: 18055350125207891468

467 timneilson the Covered (level 7, -3/43 HPs)
             Began as a Gargoyle Fighter on Aug 29, 2021.
             Was an Initiate of Okawaru.
             Slain by a gnoll sergeant (8 damage)
             ... on level 5 of the Dungeon.
             The game lasted 00:07:55 (4839 turns).

timneilson the Covered (Gargoyle Fighter)           Turns: 4839, Time: 00:07:55

Health: -3/43      AC: 12    Str: 21    XL:     7   Next: 8%
Magic:  7/7        EV:  7    Int:  9    God:    Okawaru [......]
Gold:   865        SH:  8    Dex:  9    Spells: 6/6 levels left

rFire   . . .      SeeInvis .   a - +0 long sword
rCold   . . .      Faith    .   c - +0 kite shield
rNeg    + . .      Spirit   .   b - +0 scale mail
rPois   ∞          Reflect  .   (no helmet)
rElec   +          Harm     .   (no cloak)
rCorr   .          Rampage  .   (no gloves)
Will    .....                   (no boots)
Stlth   ..........              h - amulet of the acrobat
HPRegen 0.14/turn               (no ring)
MPRegen 0.10/turn               (no ring)

@: hasted, very quick
A: sickness immunity, AC +4, negative energy resistance 1, electricity
resistance, torment resistance 1, petrification resistance
a: Renounce Religion


You were on level 5 of the Dungeon.
You worshipped Okawaru.
Okawaru was noncommittal.
You visited 1 branch of the dungeon, and saw 5 of its levels.

You collected 865 gold pieces.

Inventory:

Hand Weapons
 a - a +0 long sword (weapon)
Armour
 b - a +0 scale mail (worn)
 c - a +0 kite shield (worn)
Jewellery
 h - an amulet of the acrobat (around neck)
Scrolls
 k - a scroll of identify
Potions
 d - a potion of cancellation
 e - a potion of attraction
 i - a potion of heal wounds {unknown}
 j - a potion of brilliance {unknown}
 n - a potion of ambrosia {unknown}


   Skills:
 + Level 4.2 Fighting
 * Level 3.9 Long Blades
 * Level 5.3 Armour
 * Level 5.1 Shields
 + Level 1.0 Invocations


You had 6 spell levels left.
You didn't know any spells.
Your spell library contained the following spells:

 Spells                   Type           Power      Damage    Failure   Level
 Freeze                   Ice            0%         1d3       98%         1
 Frozen Ramparts          Ice            0%         1d2       100%        3
 Hailstorm                Conj/Ice       0%         3d3       100%        4


Dungeon Overview and Level Annotations

Branches:
Dungeon (5/15)             Temple (0/1) D:4

Altars:
Fedhas
Gozag
Okawaru
Sif Muna
Xom


Innate Abilities, Weirdness & Mutations

You are immune to sickness and miasma.
Your stone body is resilient. (AC +4)
You are immune to poison.
You resist negative energy. (rN+)
You are resistant to electric shocks. (rElec)
You are resistant to unholy torment.
You are immune to petrification.


Message History

The gnoll sergeant hits you with a +0 trident!
* * * LOW HITPOINT WARNING * * *
You closely miss the gnoll sergeant. You block the gnoll sergeant's attack.
You hit the gnoll sergeant.
The gnoll sergeant is lightly wounded.
You block the gnoll sergeant's attack.
You slash the gnoll sergeant!
The gnoll sergeant is heavily wounded.
You block the gnoll sergeant's attack.
You barely miss the gnoll sergeant.
The gnoll sergeant is heavily wounded.
The orc wizard gestures wildly while chanting.
The orc wizard flickers and vanishes!
Deactivating autopickup; reactivate with Ctrl-A.
You block the gnoll sergeant's attack.
You hit the gnoll sergeant.
The gnoll sergeant is severely wounded.
The gnoll sergeant hits you but does no damage.
You completely miss the gnoll sergeant.
The gnoll sergeant is severely wounded.
The gnoll sergeant barely misses you. The gnoll sergeant blocks your attack.
The gnoll sergeant is severely wounded.
The gnoll sergeant hits you with a +0 trident.
* * * LOW HITPOINT WARNING * * *
You hit the gnoll sergeant but do no damage.
The gnoll sergeant is severely wounded.
The gnoll sergeant hits you with a +0 trident.
* * * LOW HITPOINT WARNING * * *
You hit the gnoll sergeant.
The gnoll sergeant is almost dead.
The gnoll sergeant hits you but does no damage.
Unknown command.
The gnoll sergeant blocks your attack.
The gnoll sergeant is almost dead.
You block the gnoll sergeant's attack.
You barely miss the gnoll sergeant.
The gnoll sergeant is almost dead.
The gnoll sergeant hits you with a +0 trident!
You die...

# #.#..## #...# ##.
##.##..## #..##
###..##.#.##..###...#
..+.......#.......'..#
..######..#..######.#.#
#.#....'#Zo.#+ #.###
#.##.oog##{## #...# #.
#.... #g# #..### #. ###.Z
#@# #....####
#.########'########........
#........................##
#..#.[.#######.######..###
##.#..## #.# #..# #.#.##
#.######..#### #.#)#
#..†.........# #.#.#
#####.##..##.. #.#.#
#.......####


You could see a gnoll sergeant, an orc and a hound skeleton.

Vanquished Creatures
  An ogre (D:4)
  A kobold brigand (D:5)
  A hound (D:5)
  A centaur skeleton (D:5)
  An iguana (D:5)
  A hound zombie (D:4)
  3 gnolls (D:5)
  4 adders
  A shadow imp (D:5)
  An adder skeleton (D:4)
  3 worms
  4 dart slugs
  5 orcs
  11 ball pythons
  12 endoplasms
  8 giant cockroaches
  10 goblins
  8 hobgoblins
  5 jackals (D:1)
  12 kobolds
  5 quokkas
  9 bats
  4 frilled lizards
  8 rats
119 creatures vanquished.

Vanquished Creatures (others)
  A gnoll (D:3)
  An orc (D:3)
  An endoplasm (D:3)
  A goblin (D:3)
  A hobgoblin (D:3)
  A frilled lizard (D:3)
  A kobold (D:3)
  2 rats (D:3)
9 creatures vanquished.

Grand Total: 128 creatures vanquished

Notes
Turn   | Place    | Note
-------+----------+-------------------------------------------
     0 | D:1      | timneilson the Gargoyle Fighter began the quest for the
                  | Orb.
     0 | D:1      | Reached XP level 1. HP: 14/14 MP: 1/1
    77 | D:1      | Reached XP level 2. HP: 16/19 MP: 2/2
   405 | D:1      | Reached XP level 3. HP: 13/23 MP: 3/3
   573 | D:1      | Found a faded altar of an unknown god.
  1674 | D:2      | Reached XP level 4. HP: 27/28 MP: 4/4
  2903 | D:3      | Found a shimmering altar of Xom.
  2939 | D:3      | Reached XP level 5. HP: 28/33 MP: 5/5
  3005 | D:3      | Found a blossoming altar of Fedhas.
  3204 | D:3      | Found an opulent altar of Gozag.
  3670 | D:3      | Identified a scroll of acquirement
  3670 | D:3      | Acquired 731 gold pieces
  3817 | D:4      | Found a staircase to the Ecumenical Temple.
  3893 | D:4      | Noticed an ogre
  3903 | D:4      | Killed an ogre
  3904 | D:4      | Reached XP level 6. HP: 20/38 MP: 6/6
  3922 | D:4      | Found a shimmering blue altar of Sif Muna.
  3923 | D:4      | Found an iron altar of Okawaru.
  3929 | D:4      | Became a worshipper of Warmaster Okawaru
  4593 | D:5      | Entered Level 5 of the Dungeon
  4609 | D:5      | Reached skill level 5 in Armour
  4750 | D:5      | Reached skill level 5 in Shields
  4776 | D:5      | Reached XP level 7. HP: 22/43 MP: 7/7
  4780 | D:5      | Reached skill level 1 in Invocations
  4839 | D:5      | Slain by a gnoll sergeant

Illustrated notes

Levels and vault maps discovered:
D:1:      minmay_arrival_split_and_join, layout_basic,
          ebering_ecumenical_altar_mist, corexii_leaking_fountain
D:2:      layout_loops_ring
D:3:      wander_river, layout_loops_ring, mainiacjoe_overflow_surrounded_room,
          xom_confusion_cloud, fedhas_ov_isle_minmay, kennysheep_nondescript,
          hangedman_abyss_or_decor_stabs, minmay_misc_feat_diagonals
D:4:      layout_loops_cross, chequers_temple_overflow_statue_of_worship,
          minmay_temple_entry_from_below_a
D:5:      layout_loops_ring, gup_sewer_entry_spiral, minmay_pentangle

Skill      XL: |  1  2  3  4  5  6  7 |
---------------+----------------------+-----
Long Blades    | 2 3 |  3.9
Armour         | 4 5 |  5.3
Shields        | 4 5 |  5.1
Fighting       | 4 |  4.2
Invocations    | 1 |  1.0

Action                   |  1- 3 |  4- 6 |  7- 9 || total
-------------------------+-------+-------+-------++-------
Melee: Long sword        |   157 |   342 |    21 ||   520
  Use: Scroll            |     1 |     7 |       ||     8
       Potion            |       |     3 |     1 ||     4
Armor: Scale mail        |   114 |   179 |     8 ||   301
Dodge: Dodged            |    58 |   129 |     5 ||   192
Block: Kite shield       |    93 |   162 |    14 ||   269

Table legend: (Time is in decaauts)
 A = Elapsed time spent in this place.
 B = Non-inter-level travel time spent in this place.
 C = Inter-level travel time spent in this place.
 D = Time resting spent in this place.
 E = Time spent auto-exploring this place.
 F = Levels seen in this place.
 G = Mean time per level.
                   A        B        C        D        E       F      G
               +--------+--------+--------+--------+--------+-----+--------+
         Total |   5101 |   5012 |     89 |      0 |   3593 |   5 | 1020.2 |
       Dungeon |   5101 |   5012 |     89 |      0 |   3593 |   5 | 1020.2 |
               +--------+--------+--------+--------+--------+-----+--------+

Top non-repeatable levels by time:
     D:2: 1384 daAuts
     D:1: 1373 daAuts
     D:3: 1125 daAuts
     D:4: 936 daAuts
     D:5: 283 daAuts
